Unix NetHack Version 3.7.0-53 Work-in-progress - last build Mar 21 2022 02:33:53 (e25487e73a26563eb890138f5364dfe52547422e,branch:master). Game began 2022-03-26 18:44:57, ended 2022-03-26 19:29:14. lew, chaotic male human Wizard -- ---- --- --- ---- --.----|..--..| |..-- -...-- |...|.--......| |...| ...--- |...........-- --...-- -....-- --...........- |.....| -@...------ --..--.......| |.....| --.....--..| --.-----....| |....-- |..........| --...- .--- --...| -#..--.....------..-..----- |...| #----|...(..|.......|...| ---.| ---......----..---.---- |.| 1 ---..|)---|.....|.....| ----|.| |....|.| |........--.--|..--.| |[..--%|---............||.....-- --...<.||.[--..--......---.....| |..----|..|-----.......--....-- ---- ---- --......^........- |........--.......| |..--..-------...-- --- ---- ----- Lew the Thaumaturge St:12 Dx:12 Co:17 In:18 Wi:13 Ch:8 Chaotic Dlvl:6 $:538 HP:0(51) Pw:65(68) AC:7 Xp:7/1022 T:5184 Latest messages: You see here a chain mail. You swap places with your housecat. Pick an object. The housecat misses the gray unicorn. The housecat misses the gray unicorn. The housecat misses the gray unicorn. You feel tired. The housecat misses the gray unicorn. The housecat misses the gray unicorn. The housecat misses the gray unicorn. You swap places with your housecat. The housecat misses the gray unicorn. The housecat misses it. The housecat misses the gray unicorn. The housecat misses the gray unicorn. You hear some noises in the distance. It misses the gray unicorn. You feel strong! You must have been exercising diligently. You feel tough! You must have been leading a healthy life-style. The housecat misses it. What do you want to put on? [dtFLZ or ?*] Never mind. What do you want to put on? [dtFLZ or ?*] F - an uncursed ring of conflict (on left hand). The housecat bites it. It butts the housecat. It misses the housecat. You see here a pick-axe. The housecat bites the gray unicorn. The gray unicorn butts the housecat. The gray unicorn hits the housecat. The housecat is killed! What do you want to remove? [eF or ?*] You were wearing an uncursed ring of conflict (on left hand). Your hands begin to glow red. The gray unicorn butts! The gray unicorn kicks! The gray unicorn butts! The gray unicorn kicks! The gray unicorn butts! The gray unicorn kicks! You feel unbearably torpid! You die... Do you want your possessions identified? [ynq] (y) Do you want to see your attributes? [ynq] (y) Do you want an account of creatures vanquished? [ynaq] (y) Do you want to see your conduct and achievements? [ynq] (y) Do you want to see the dungeon overview? [ynq] (y) Major events: Turn 1: lew the chaotic male human Wizard entered the dungeon 475: attained the rank of Conjurer (level 3) 1204: bestowed with Magicbane by Anhur 1772: entered the Gnomish Mines 2195: attained the rank of Thaumaturge (level 6) 2587: entered Sokoban 2968: completed sokoban 1 3503: completed sokoban 2 5184: killed by an anti-magic implosion Inventory: Coins $ - 538 gold pieces Weapons J - the rustproof +0 Magicbane (weapon in hand) Armor z - an uncursed +0 dwarvish iron helm (being worn) b - a blessed +0 cloak of magic resistance (being worn) U - an uncursed +0 dwarvish cloak Comestibles X - an uncursed tripe ration I - 2 uncursed homemade tins of werewolf meat Scrolls O - 2 uncursed scrolls of blank paper P - a cursed scroll of blank paper i - an uncursed scroll of confuse monster h - an uncursed scroll of create monster W - an uncursed scroll of destroy armor a - 2 uncursed scrolls of earth D - a cursed scroll of enchant weapon y - an uncursed scroll of fire v - an uncursed scroll of light N - an uncursed scroll of light w - an uncursed scroll of magic mapping j - an uncursed scroll of remove curse m - an uncursed scroll of taming G - an uncursed scroll of taming Spellbooks k - a blessed spellbook of force bolt Potions s - an uncursed potion of extra healing f - 3 uncursed potions of gain ability o - an uncursed potion of hallucination R - an uncursed potion of healing g - an uncursed potion of invisibility A - an uncursed potion of levitation B - an uncursed potion of object detection H - a cursed potion of object detection S - an uncursed potion of sleeping Rings d - an uncursed ring of conflict F - an uncursed ring of conflict t - a cursed -1 ring of increase accuracy L - a cursed -1 ring of increase damage Z - an uncursed ring of invisibility e - an uncursed ring of warning (on right hand) Wands C - a wand of cold (0:2) c - a wand of digging (0:7) V - a wand of light (0:6) u - a wand of nothing (0:11) K - a wand of opening (0:6) T - a wand of secret door detection (0:14) Tools M - an empty uncursed sack E - a bag of tricks (0:13) Lew the Wizard's attributes: Background: You were a Thaumaturge, a level 7 male human Wizard. You were chaotic, on a mission for Anhur who was opposed by Ptah (lawful) and Thoth (neutral). You were in the Gnomish Mines, on level 6. You entered the dungeon 5184 turns ago. You had 1022 experience points, 258 more were needed to attain level 8. Basics: You had 0 out of 51 hit points. You had 65 out of 68 energy points (spell power). Your armor class was 7. Your wallet contained 538 zorkmids. Autopickup was on for '$!?' plus thrown. Final Characteristics: Your strength was 12 (limit:18/100). Your dexterity was 12 (limit:18). Your constitution was 17 (limit:18). Your intelligence was 18 (limit:18). Your wisdom was 13 (limit:18). Your charisma was 8 (limit:18). Final Status: You were not hungry. You were unencumbered. You were wielding a dagger. You had basic skill with dagger. Final Attributes: You were piously aligned. You were magic-protected. You were poison resistant. You were telepathic. You were warned. You would have confused monsters when hitting them. You were warded. You are dead. Miscellaneous: You never encountered a bones level. Total elapsed playing time was 44 minutes and 16 seconds. Vanquished creatures: 3 wolves 3 leprechauns a gnome ruler an owlbear a dog a housecat a snake a human zombie 2 rock moles 3 ponies 2 shriekers a violet fungus 5 gnome leaders a guardian naga hatchling a ghoul 2 paper golems a little dog a floating eye a kitten 5 dwarves 2 kobold shamans a rothe a rabid rat 2 orc zombies a werejackal 2 iguanas an acid blob 2 coyotes a gas spore a hobbit a large kobold a hobgoblin 3 giant rats a cave spider a brown mold 2 yellow molds a green mold 14 gnomes a garter snake 5 geckos 4 jackals 2 foxes 4 kobolds 5 goblins a sewer rat 3 grid bugs 6 bats 7 lichens 2 kobold zombies 10 newts 125 creatures vanquished. No species were genocided or became extinct. Voluntary challenges: You read items or engraved 4 times. You never engraved Elbereth. You never genocided any monsters. You never polymorphed an object. You never changed form. You used no wishes. You did not violate any of the special Sokoban rules. Achievements: You attained the rank of Conjurer. You entered the Gnomish Mines. You attained the rank of Thaumaturge. You entered Sokoban. The Dungeons of Doom: levels 1 to 7 Level 1: Some fountains. Level 2: An altar to Anhur. Level 3: A fountain. Level 4: Many fountains. Stairs down to The Gnomish Mines. Level 5: Many fountains. Level 6: "vault" Some fountains. Stairs up to Sokoban, level 5. Level 7: The Gnomish Mines: levels 5 to 6 Level 5: Level 6: <- You were here. Final resting place for you, killed by an anti-magic implosion. Sokoban: levels 5 up to 4 Level 4: Solved. Level 5: "earth" Solved. Game over: ---------- / \ / REST \ / IN \ / PEACE \ / \ | lew | | 538 Au | | killed by an | | anti-magic | | implosion | | | | 2022 | *| * * * | * _________)/\\_//(\/(/\)/\//\/|_)_______ Goodbye lew the Wizard... You died in The Gnomish Mines on dungeon level 6 with 4903 points, and 538 pieces of gold, after 5184 moves. You were level 7 with a maximum of 51 hit points when you died.